 Dungeon Crawl Stone Soup version 0.29-a0-1052-g6990b1bffc (webtiles) character file.

Game seed: 12866753232326974400

27 ragingrage the Chopper (level 2, 0/26 HPs)
             Began as a Minotaur Delver on Aug 17, 2022.
             Killed from afar by a white imp (4 damage)
             ... with a puff of frost
             ... on level 8 of the Dungeon.
             The game lasted 00:00:47 (333 turns).

ragingrage the Chopper (Minotaur Delver)             Turns: 333, Time: 00:00:48

Health: 0/26       AC:  3    Str: 16    XL:     2   Next: 93%
Magic:  1/1        EV: 11    Int:  7    God:
Gold:   25         SH:  0    Dex: 11    Spells: 1/1 levels left

rFire   . . .      SeeInvis .   a - +0 hand axe
rCold   . . .      Faith    .   (no shield)
rNeg    . . .      Spirit   .   b - +0 leather armour
rPois   .          Reflect  .   (helmet restricted)
rElec   .          Harm     .   (no cloak)
rCorr   .          Rampage  .   (no gloves)
Will    .....                   (no boots)
Stlth   ++........              (no amulet)
HPRegen 0.08/turn               (no ring)
MPRegen 0.07/turn               (no ring)

@: no status effects
A: horns 2, retaliatory headbutt
a: no special abilities


You were on level 8 of the Dungeon.
You visited 1 branch of the dungeon, and saw 4 of its levels.

You collected 80 gold pieces.
You spent 55 gold pieces at shops.

Inventory:

Hand Weapons
 a - a +0 hand axe (weapon)
Missiles
 h - 2 javelins (quivered)
Armour
 b - a +0 leather armour (worn)
Wands
 g - a wand of digging (3)
 i - a wand of charming (5)
Scrolls
 c - a scroll of fog
 d - a scroll of magic mapping
 e - a scroll of fear
Potions
 f - a potion of haste
 j - a potion of heal wounds


   Skills:
 - Level 3.6 Fighting
 + Level 4.2 Axes
 - Level 2.1 Dodging
 - Level 4.1 Stealth


You had one spell level left.
You didn't know any spells.
Your spell library was empty.

Dungeon Overview and Level Annotations

Branches:
Dungeon (9/15)
 Temple: D:4-7         Lair: D:8-11         Orc: D:9-12

Altars:
Ashenzari
Ru
Trog
Uskayaw
Wu Jian

Shops:
D:9 !

Annotations:
D:8 1 transporter


Innate Abilities, Weirdness & Mutations

You have a pair of horns on your head.
You reflexively headbutt those who attack you in melee.


Message History

Found a glowing helmet.
You close the door.
What are your orders? t - Shout!
Orders for allies: a - Attack new target. r - Retreat! s - Stop attacking. g - Guard the area. f - Follow me.
Anything else - Cancel.
You shout for attention!
You hear a shout! x5; You hear a bellow!
You hear a shout!
You hear a bellow!
You start waiting.
You hear a bellow! x2 2 kobold demonologists and 2 yaks come into view.
The yak bellows!
You hear a shout!
You hear a bellow! x2; You hear a shout!
The kobold demonologist moves out of view.
The yak moves out of view.
You hear a shout!
The kobold demonologist shouts!
There is an open door here.
There is an escape hatch in the ceiling here.
A mysterious force pulls you upwards. The hatch slams shut behind you.
Unknown command.
Found a transporter.
Unknown command.
You now have 25 gold pieces (gained 18).
A white imp comes into view.
The white imp gestures at you. The puff of frost hits you.
The white imp hits you. The white imp freezes you.
You closely miss the white imp.
The white imp shouts, "Back with thee, thou rough-hewn elf-skinned cud-chewer!"
The white imp hits you. The white imp freezes you.
You barely miss the white imp. The white imp gestures at you.
The puff of frost hits you!
* * * LOW HITPOINT WARNING * * *
You hit the white imp.
The white imp is heavily wounded.
The white imp gestures at you. The puff of frost hits you.
You die...

#.# #....###.# #.#
#.# #........# #.#
#.# #....###.# #.#
#.# ##.#.###.###.##.
#.#####.#.##.........
#.##..............##.
#.............#####
####..#######.# #@.#
#.# #5.# #.# #..# #..
#..# #.. #..# ..©.
.... #..# ...#


You could see a white imp.

Vanquished Creatures
  An iguana (D:6)
1 creature vanquished.

Vanquished Creatures (others)
  A plant (D:6)
1 creature vanquished.

Grand Total: 2 creatures vanquished

Notes
Turn   | Place    | Note
-------+----------+-------------------------------------------
     0 | D:5      | ragingrage the Minotaur Delver began the quest for the Orb.
     0 | D:5      | Reached XP level 1. HP: 19/19 MP: 0/0
     2 | D:5      | Found a sacrificial altar of Ru.
    36 | D:6      | Noticed an ogre
    40 | D:6      | Noticed an iguana
    47 | D:6      | Killed an iguana
    48 | D:6      | Reached XP level 2. HP: 17/26 MP: 1/1
   138 | D:6      | Noticed an electric eel
   143 | D:6      | You fall into a shaft and drop 3 floors!
   172 | D:9      | Found Juikhu Wuojo's Distillery.
   227 | D:9      | Bought a potion of heal wounds for 55 gold pieces
   253 | D:9      | Noticed a kobold brigand
   253 | D:9      | Noticed a kobold brigand
   273 | D:9      | Noticed a kobold demonologist
   273 | D:9      | Noticed a kobold demonologist
   273 | D:9      | Noticed a yak
   273 | D:9      | Noticed a yak
   297 | D:8      | Found a transporter.
   333 | D:8      | Killed from afar by a white imp

Illustrated notes

Levels and vault maps discovered:
D:5:      lemuel_ratsnest, layout_cave_pods, nicolae_overflow_hidden_temple,
          serial_shops, shop, hangedman_decor_slide_cut, uniq_ijyb,
          uniq_menkaure
D:6:      layout_layer_cave, serial_bayou, serial_bayou_pond_c,
          serial_bayou_pond_c, serial_bayou_lagoon_b, serial_bayou_pond_a
D:8:      gammafunk_sealed_arena, layout_loops_ring,
          mainiacjoe_overflow_two_lobes
D:9:      layout_roguey, grunt_temple_overflow_growth_and_decay, serial_shops,
          nicolae_stop_n_shop_2, shop_fountains, nicolae_diamond_shop

Skill      XL: |  1 |
---------------+----+-----
Axes           | 4 |  4.2
Fighting       | |  3.6
Dodging        | |  2.1
Stealth        | |  4.1

Action                   || total
-------------------------++-------
Melee: Hand axe          ||     6
       Headbutt          ||     1
Dodge: Dodged            ||     1

Table legend: (Time is in decaauts)
 A = Elapsed time spent in this place.
 B = Non-inter-level travel time spent in this place.
 C = Inter-level travel time spent in this place.
 D = Time resting spent in this place.
 E = Time spent auto-exploring this place.
 F = Levels seen in this place.
 G = Mean time per level.
                   A        B        C        D        E       F      G
               +--------+--------+--------+--------+--------+-----+--------+
         Total |    333 |    296 |     37 |    116 |    121 |   4 |   83.2 |
       Dungeon |    333 |    296 |     37 |    116 |    121 |   4 |   83.2 |
               +--------+--------+--------+--------+--------+-----+--------+

Top non-repeatable levels by time:
     D:9: 135 daAuts
     D:6: 127 daAuts
     D:8: 54 daAuts
     D:5: 16 daAuts
